 Dungeon Crawl Stone Soup version 0.24-a0-498-ge00f04a389 (webtiles) character file.

Game seed: 553985226431224406

55 Peloso the Shield-Bearer (level 3, 0/33 HPs)
             Began as a Minotaur Fighter on July 14, 2019.
             Succumbed to Robin's poison
             ... on level 2 of the Dungeon.
             The game lasted 00:02:28 (548 turns).

Peloso the Shield-Bearer (Minotaur Fighter)          Turns: 548, Time: 00:02:29

Health: 0/33       AC:  8    Str: 20    XL:     3   Next: 67%
Magic:  2/2        EV:  7    Int:  5    God:
Gold:   31         SH:  9    Dex: 10    Spells: 2/2 levels left

rFire    . . .     SeeInvis .   a - +0 long sword
rCold    . . .     Gourm    .   c - +0 shield
rNeg     . . .     Faith    .   b - +0 scale mail
rPois    .         Spirit   .   (helmet restricted)
rElec    .         Reflect  .   k - +0 cloak
rCorr    .         Harm     .   (no gloves)
MR       .....                  (no boots)
Stlth    ..........             (no amulet)
HPRegen  0.11/turn              (no ring)
MPRegen  0.08/turn              (no ring)

@: lethally poisoned (0 -> -35)
A: retaliatory headbutt, horns 2
a: no special abilities


You were on level 2 of the Dungeon.
You were not hungry.

You visited 1 branch of the dungeon, and saw 2 of its levels.

You collected 31 gold pieces.

Inventory:

Hand Weapons
 a - a +0 long sword (weapon)
Armour
 b - a +0 scale mail (worn)
 c - a +0 shield (worn)
 k - a +0 cloak (worn)
Scrolls
 g - a scroll of teleportation {unknown}
Potions
 d - a potion of might
 e - a potion of brilliance {unknown}
 h - a potion of mutation {unknown}
 i - a potion of ambrosia {unknown}
 j - a potion of lignification {unknown}
Comestibles
 f - 3 rations


   Skills:
 + Level 4.1 Fighting
 + Level 3.1 Long Blades
 + Level 4.1 Armour
 + Level 0.8 Dodging
 + Level 4.3 Shields


You had 2 spell levels left.
You didn't know any spells.
Your spell library was empty.

Dungeon Overview and Level Annotations

Branches:
Dungeon (2/15)

Altars:

Annotations:
D:2 Robin


Innate Abilities, Weirdness & Mutations

You reflexively headbutt those who attack you in melee.
You have a pair of horns on your head.


Message History

You closely miss Robin.
You feel sick. You block Robin's attack.
Your shield and scale mail prevent you from hitting Robin.
You feel sick. Robin hits you but does no damage.
You are more poisoned.
You barely miss Robin. Your headbutt misses Robin.
You feel sick.
The hobgoblin no longer looks unusually strong.
Robin hits you with a +1 spear of venom.
* * * LOW HITPOINT WARNING * * *
You are more poisoned.
Robin roars a battlecry!
The hobgoblin goes into a battle-frenzy!
You hit Robin but do no damage.
* * * LOW HITPOINT WARNING * * *
You feel very sick. Robin hits you but does no damage.
You are more poisoned.
Unknown command.
You hit Robin.
Robin is lightly wounded.
You die...

#.# #.#### #....#
. ####.# .. #>#
...# #.# .....
#.#
......#####.###.#
......gg@.......#
...##############


You could see Robin and a hobgoblin.

Vanquished Creatures
  An ooze (D:1)
  2 dart slugs (D:1)
  A leopard gecko (D:1)
  A ball python (D:2)
  3 giant cockroaches
  9 goblins
  6 hobgoblins
  5 kobolds (D:1)
  4 bats (D:1)
  5 frilled lizards (D:1)
  5 rats
42 creatures vanquished.

Notes
Turn   | Place    | Note
-------+----------+-------------------------------------------
     0 | D:1      | Peloso the Minotaur Fighter began the quest for the Orb.
     0 | D:1      | Reached XP level 1. HP: 19/19 MP: 0/0
    49 | D:1      | Reached XP level 2. HP: 12/27 MP: 1/1
   207 | D:1      | Reached XP level 3. HP: 23/33 MP: 2/2
   519 | D:2      | Noticed Robin
   548 | D:2      | Succumbed to Robin's poison

Levels and vault maps discovered:
D:1:      zaba_arrival_water, layout_rooms, minmay_misc_feat_secret_circle
D:2:      layout_loops_ring, tso_oasis_becter, first_ration,
          chequers_serial_rivers_large_a, uniq_sigmund, uniq_terence, uniq_robin

Skill      XL: |  1  2  3 |
---------------+----------+-----
Fighting       | 4 |  4.1
Shields        | 4 |  4.3
Armour         | 4 |  4.1
Long Blades    | 3 |  3.1
Dodging        | |  0.8

Action                   || total
-------------------------++-------
Melee: Long sword        ||    88
       Headbutt          ||     9
Armor: Scale mail        ||    58
Dodge: Dodged            ||    38
Block: Shield            ||    71
       Rpst.: Long sword ||     4

Table legend:
 A = Non-vault XP
 B = Vault XP
 C = Vault XP percentage of total XP
 D = Non-vault monster count
 E = Vault monster count
 F = Vault count percentage of total count
                 A         B        C        D         E       F
            +---------+---------+-------+---------+---------+-------
      Total |      59 |      20 |  25.3 |      32 |      10 |  23.8
            +---------+---------+-------+---------+---------+-------
        D:1 |      51 |       0 |   0.0 |      27 |       0 |   0.0
        D:2 |       8 |      20 |  71.4 |       5 |      10 |  66.7
            +---------+---------+-------+---------+---------+-------
